Workbook
Name aide: '[1]Données du projet'!$G$8:$G$14
Name aide: '[2]Données du projet'!$G$8:$G$11
Name aide: 'Données du projet'!$G$8:$G$13
Name Avancement: 'Données du projet'!$E$8:$E$9
Name champmetiers: '[3]4_Activite_entr.'!$B$41:$B$64
Name cond: #REF!
Name cond: #REF!
Name cond: #REF!
Name cond2: #REF!
Name cond2: #REF!
Name cond2: #REF!
Name condact: '[3]4_Activite_entr.'!$AG$70:$AG$86
Name condmetiers: '[3]4_Activite_entr.'!$AG$41:$AG$64
Name Coût_HT_Total: '[4]Plan de fi'!$C$3
Name Coût_TTC: '[4]Plan de fi'!$H$3
Name COUTTOTAL: [5]RESERVE!$G$3
Name demchamps: #REF!
Name demchamps: #REF!
Name demchamps: #REF!
Name demcond: #REF!
Name demcond: #REF!
Name demcond: #REF!
Name DEPENSESMINI: [5]RESERVE!#REF!
Name DEPENSESMINI: [5]RESERVE!#REF!
Name DEPENSESMINI: [5]RESERVE!#REF!
Name DEPENSESMINI: [5]RESERVE!#REF!
Name Format: 'Données du projet'!$E$8:$E$9
Name Long_métrage: 'Données du projet'!$D$5:$D$7
Name metiersf: OFFSET('[3]4_Activite_entr.'!$T$41,,,COUNT('[3]4_Activite_entr.'!$U:$U))
Name Oui: '[6]Données du projet'!$D$14:$D$15
Name Oui: '[2]Données du projet'!$D$18:$D$19
Name Oui: '[6]Données du projet'!$D$14:$D$15
Name Oui: 'Données du projet'!$D$18:$D$19
Name Plafond: [5]RESERVE!#REF!
Name Plafond: [5]RESERVE!#REF!
Name Plafond: [5]RESERVE!#REF!
Name Plafond: [5]RESERVE!#REF!
Name Plancher: [5]RESERVE!#REF!
Name Plancher: [5]RESERVE!#REF!
Name Plancher: [5]RESERVE!#REF!
Name Plancher: [5]RESERVE!#REF!
Name repartmetiers: OFFSET('[3]4_Activite_entr.'!$AH$41,,,COUNT('[3]4_Activite_entr.'!$AI:$AI))
Name repartstockflux: OFFSET('[3]4_Activite_entr.'!$AI$72,,,COUNT('[3]4_Activite_entr.'!$AJ:$AJ))
Name reparttauxmetiers: OFFSET('[3]4_Activite_entr.'!$AI$41,,,COUNT('[3]4_Activite_entr.'!$AI:$AI))
Name reparttauxstockflux: OFFSET('[3]4_Activite_entr.'!$AJ$72,,,COUNT('[3]4_Activite_entr.'!$AJ:$AJ))
Name STAT: #REF!
Name STAT: #REF!
Name STAT: #REF!
Name stat2: #REF!
Name stat2: #REF!
Name stat2: #REF!
Name Taux: [5]RESERVE!#REF!
Name Taux: [5]RESERVE!#REF!
Name Taux: [5]RESERVE!#REF!
Name Taux: [5]RESERVE!#REF!
Name tauxact: '[3]4_Activite_entr.'!$O$70:$Q$86
Name tauxf: OFFSET('[3]4_Activite_entr.'!$U$41,,,COUNT('[3]4_Activite_entr.'!$U:$U))

Sheet Page de garde 
A1: FICHE DE RENSEIGNEMENTS AIDE À LA PRODUCTION
A16: Fiction audiovisuelle

Sheet Données du projet
C2: Fiche de renseignements à la production
C3: Fiction audiovisuelle
C4: Merci de bien vouloir remplir attentivement la fiche ci-dessous. | K4: AV
A5: Catégorie | C5: Fiction audiovisuelle | E5: Ecriture
A7: Type d'aide | C7: Production | D7: Développement
G8: Bourse d'écriture en résidence | H8: BRS RES
A9: Titre du projet | G9: Ecriture | H9: ECR
E10: Bourse d'écriture BRS | G10: Développement | H10: DEV
A11: Adaptation | D11: En cas d'adaptation joindre les contrats afférants | G11: Production | H11: DEV INTER
A12: Auteur/autrice de l'œuvre littéraire | E12: Ecriture ECR
A13: Titre de l'œuvre littéraire | E13: Développement DEV | H13: PROD
E14: Développement international DEV INTER
A15: Données techniques | E15: Production PROD
A16: Durée (min) Nombre d'épisodes x durée par épisode | E16: Femme
A17: Langue(s) | E17: Homme
A18: S'agit-il d'un premier film ? | D18: Oui | E18: Non binaire
A19: N° ISAN | D19: Non | E19: Non défini
A21: Données artistiques
A23: Ecriture
A24: Auteur/autrice | C24: Prénom et NOM | D24: Genre | E24: E-Mail | F24: Domicile fiscal - Métropole Aix-Marseille-Provence
A27: Coauteur/coautrice(s) | C27: Prénom et NOM | D27: Genre | E27: E-Mail | F27: Domicile fiscal - Métropole Aix-Marseille-Provence
A35: Réalisation
A36: Réalisateur/réalisatrice | C36: Prénom et NOM | D36: Genre | E36: E-Mail | F36: Domicile fiscal - Métropole Aix-Marseille-Provence
A39: Coréalisateur/réalisatrice | C39: Prénom et NOM | D39: Genre | E39: E-Mail | F39: Domicile fiscal - Métropole Aix-Marseille-Provence
A44: Production
A45: Producteur/productrice déposant la demande | C45: Prénom et NOM | D45: Genre | E45: E-Mail producteur/productrice du projet | F45: Téléphone producteur/productrice du projet
A48: Raison sociale de la production
A49: N° SIRET
A50: Code APE
C52: Adresse du siège la société | D52: Code postal du siège de la société | E52: Ville du siège de la société de production
C54: Adresse de l'établissement secondaire de la société | D54: Code postal de l'établissement secondaire de la société | E54: Ville de l'établissement secondaire de la société de production
C56: Adresse de l'établissement secondaire de la société | D56: Code postal de l'établissement secondaire de la société | E56: Ville de l'établissement secondaire de la société de production
A58: Nom et prénom du contact pour le projet
A59: Téléphone fixe du contact
A60: Téléphone portable du contact
A61: E-mail du contact
A63: Coproducteurs | C63: Nom de la société (raison sociale) | D63: Pays du siège social | E63: Prénom et NOM du producteur du projet | F63: E-Mail
A64: 1er Coproducteur
A65: 2ème Coproducteur
A66: 3ème Coproducteur
A68: Synopsis court 10 lignes maximum OU 1000 caractères espaces inclus maximum
A70: Equipe technique | C70: Prénom et NOM | D70: Genre | E70: E-Mail | F70: Domicile fiscal - Métropole Aix-Marseille-Provence
A71: Premier assistant
A72: Directeur de production
A73: Régisseur général
A74: Directeur de la photo
A75: Chef décorateur
A76: Ingénieur son
A77: Chef costumier
A78: Chef maquilleur
A79: Directeur de casting
A80: Script
A81: Monteur image
A82: Monteur son
A83: Compositeur
A85: Comédien(s)/comédienne(s) principaux | C85: Rôle | D85: Prénom et NOM Comédien(s)/comédienne(s) | E85: Domicile fiscal - Métropole Aix- Marseille-Provence
A86: Rôle 1
A87: Rôle 2
A88: Rôle 3
A89: Rôle 4
A90: Rôle 5
A91: Rôle 6
C93: Comédien(s)/comédienne(s) résidant sur le territoire métropolitain | D93: Comédien(s)/comédienne(s) total | E93: Part des personnels métropolitains (pourcentage)
E94: =(C94/D94) -> #DIV/0!
C95: Part des cachets aux bénéfices de comédien(s)/comédienne(s) résidant sur le territoire métropolitain | D95: Part des cachets aux bénéfices de comédien(s)/comédienne(s) total | E95: Part des personnels métropolitains (pourcentage)
E96: =(C96/D96) -> #DIV/0!
C97: Technicien(s)/technicienne(s) résidant sur le territoire métropolitain | D97: Technicien(s)/technicienne(s) total | E97: Part des personnels métropolitains (pourcentage)
E98: =C98/D98 -> #DIV/0!
C99: Figurant(s) résidant sur le territoire métropolitain | D99: Figurant(s) total | E99: Part des personnels métropolitains (pourcentage)
E100: =(C100/D100) -> #DIV/0!
A102: Post-production
A103: Mobilisez-vous des moyens de post-production sur le territoire métropolitain ?
A105: Exploitation / diffusion
A106: Distributeur France
A107: 1er diffuseur audiovisuel France
A108: 2ème Diffuseur audiovisuel France
A109: Diffuseur audiovisuel étranger
A110: Vendeur international
A111: Plateforme de SVOD
A112: Autre diffuseur
A114: Données financières
A115: Métropole Aix-Marseille-Provence
... A117: Budget total du projet (hors salaire producteur, frais généraux et imprévus)
A118: Montant total des financements acquis (hors part producteurs, coproducteurs et participation) | E118: Part des financements acquis > ou = à 20 % | F118: =(C118/C117) -> #DIV/0!
A119: Total des dépenses sur le territoire métropolitain (hors salaire producteur, frais généraux et imprévus)
A120: Représentant (en % de la subvention demandée) | C120: =C119/C116 -> #DIV/0!
A122: Autres collectivités territoriales
A123: Demandez-vous une participation financière à d'autres régions ou collectivités territoriales ?
A125: SI OUI : | C125: Nom de la collectivité | D125: Montant sollicité | E125: Date de réponse attendue
A133: Tournage
A134: Date de début de tournage
A135: Date de fin de tournage
A137: Principaux décors du territoire d'Aix-Marseille-Provence | C137: Nom du décor / Adresse | D137: Dates prévisionnelles | E137: Durée de tournage en jours
D150: TOTAL | E150: =SUM(E138:E149) -> 0
A152: Principaux décors hors du territoire d'Aix-Marseille-Provence | C152: Nom du décor / Villes en France ou Pays | D152: Dates prévisionnelles | E152: Durée de tournage en jours
A153: En France et/ou à l'étranger
D161: TOTAL | E161: =SUM(E153:E160) -> 0
A162: J'ai pris connaissance de l'ensemble des obligations inscrites dans la convention afférente à cette demande de subvention
A163: J’accepte que ce projet apparaisse dans le calendrier prévisionnel des tournages (lien communiqué sur demande aux techniciens, aux comédiens, aux associations professionnelles du secteur et aux étudiants en cinéma et audiovisuel à la recherche de stage, réseau régional d'accueil de tournages).
A164: SI OUI :
...

Sheet  Devis oeuvre audiovisuelle
C1: Devis audiovisuel
A2: Titre du projet : | G2: Date :
D4: Total dépenses à l'étranger | E4: Total dépenses en France (€) | F4: Coût définitif total (€) | G4: Dont dépenses sur le territoire d'Aix-Marseille-Provence
A5: 1. Droits artistiques | D5: =SUM(D6:D13) -> 0 | E5: =SUM(E6:E13) -> 0 | F5: =D5+E5 -> 0 | G5: =SUM(G6:G13) -> 0
B6: 11. | C6: Sujet | F6: =D6+E6 -> 0
B7: 12. | C7: Adaptation dialogues | F7: =D7+E7 -> 0
B8: 13. | C8: Droit d'auteur du réalisateur | F8: =D8+E8 -> 0
B9: 14. | C9: Droits musicaux | F9: =D9+E9 -> 0
B10: 15. | C10: Droits divers (documents archives) | F10: =D10+E10 -> 0
B11: 16. | C11: Traductions et dactylographie | F11: =D11+E11 -> 0
B12: 17. | C12: Frais sur manuscrits | F12: =D12+E12 -> 0
B13: 19. | C13: Agents littéraires et conseils | F13: =D13+E13 -> 0
A14: 2. Personnel | D14: =SUM(D15:D31) -> 0 | E14: =SUM(E15:E31) -> 0 | F14: =D14+E14 -> 0 | G14: =SUM(G15:G31) -> 0
B15: 21. | C15: Producteurs | F15: =SUM(D15:E15) -> 0
B16: 22. | C16: Réalisateur technicien | F16: =SUM(D16:E16) -> 0
A17: 23. équipe préparation et tournages | B17: 231 | C17: Direction administration | F17: =SUM(D17:E17) -> 0
B18: 232 | C18: Régie | F18: =SUM(D18:E18) -> 0
B19: 233 | C19: Mise en scène techniciens | F19: =SUM(D19:E19) -> 0
B20: 234 | C20: Conseillers spécialisés | F20: =SUM(D20:E20) -> 0
B21: 235 | C21: Prises de vues | F21: =SUM(D21:E21) -> 0
B22: 236 | C22: Son | F22: =SUM(D22:E22) -> 0
B23: 237 | C23: Costumes | F23: =SUM(D23:E23) -> 0
B24: 238 | C24: Maquillage | F24: =SUM(D24:E24) -> 0
B25: 239 | C25: Ameublement | F25: =SUM(D25:E25) -> 0
B26: 24. | C26: Equipe décoration | F26: =SUM(D26:E26) -> 0
B27: 25. | C27: Montage et finition | F27: =SUM(D27:E27) -> 0
B28: 26. | C28: Main d'oeuvre tournage | F28: =SUM(D28:E28) -> 0
B29: 27. | C29: Main d'oeuvre décors | F29: =SUM(D29:E29) -> 0
B30: 28. | C30: Divers (prestation personnel tournage et décor, etc) | F30: =SUM(D30:E30) -> 0
B31: 29. | C31: Agents artistisques personnel technique | F31: =SUM(D31:E31) -> 0
A32: 3. Interprétation | D32: =SUM(D33:D38) -> 0 | E32: =SUM(E33:E38) -> 0 | F32: =D32+E32 -> 0 | G32: =SUM(G33:G38) -> 0
B33: 31. | C33: Rôles principaux | F33: =D33+E33 -> 0
B34: 32. | C34: Rôles secondaires | F34: =D34+E34 -> 0
B35: 33. à 35. | C35: Petits rôles, doublures, figuration | F35: =D35+E35 -> 0
B36: 36. | C36: Personnels artistique après tournage | F36: =D36+E36 -> 0
B37: 37. | C37: Personnels musique | F37: =D37+E37 -> 0
B38: 39. | C38: Agents artistiques | F38: =D38+E38 -> 0
A39: 4. Charges sociales | D39: =SUM(D40:D44) -> 0 | E39: =SUM(E40:E44) -> 0 | F39: =SUM(D39:E39) -> 0 | G39: =SUM(G40:G44) -> 0
B40: 41. | C40: Auteurs | F40: =SUM(D40:E40) -> 0
B41: 42. | C41: Comédiens | F41: =SUM(D41:E41) -> 0
B42: 43. | C42: Producteurs | F42: =SUM(D42:E42) -> 0
B43: 44. | C43: Techniciens | F43: =SUM(D43:E43) -> 0
B44: 45. | C44: Ouvriers | F44: =SUM(D44:E44) -> 0
A45: 5. Décors et costumes | D45: =SUM(D46:D62) -> 0 | E45: =SUM(E46:E62) -> 0 | F45: =SUM(D45:E45) -> 0 | G45: =SUM(G46:G62) -> 0 | H45: indiquer prestataire(s) :
A46: 51. Studios | B46: 512 | C46: Plateaux et annexes | F46: =SUM(D46:E46) -> 0
B47: 513 | C47: Construction | F47: =SUM(D47:E47) -> 0
B48: 514 | C48: Eclairage | F48: =SUM(D48:E48) -> 0
B49: 515 | C49: Consommations et prestations diverses | F49: =SUM(D49:E49) -> 0
B50: 516 | C50: Prestations spécifiques | F50: =SUM(D50:E50) -> 0
A51: 52. Décors naturels intérieurs | B51: 521 | C51: Locations | F51: =SUM(D51:E51) -> 0
B52: 522 | C52: Aménagements | F52: =SUM(D52:E52) -> 0
B53: 523 | C53: Prestations | F53: =SUM(D53:E53) -> 0
A54: 53. Décors naturels extérieurs | B54: 531 | C54: Locations | F54: =SUM(D54:E54) -> 0
B55: 532 | C55: Aménagements | F55: =SUM(D55:E55) -> 0
B56: 533 | C56: Prestations | F56: =SUM(D56:E56) -> 0
B57: 54. | C57: Frais divers et décoration, | F57: =SUM(D57:E57) -> 0
B58: 55. | C58: Meubles et accessoires | F58: =SUM(D58:E58) -> 0
B59: 56. | C59: Moyens de transports jouants | F59: =SUM(D59:E59) -> 0
B60: 57. | C60: Effets spéciaux | F60: =SUM(D60:E60) -> 0
B61: 58. | C61: Costumes | F61: =SUM(D61:E61) -> 0
B62: 59. | C62: Postiches et maquillage | F62: =SUM(D62:E62) -> 0
A63: 6. Transports,défraiements, régie | D63: =SUM(D64:D67) -> 0 | E63: =SUM(E64:E67) -> 0 | F63: =SUM(D63:E63) -> 0 | G63: =SUM(G64:G67) -> 0
B64: 61. | C64: Déplacements avant tournage | F64: =SUM(D64:E64) -> 0
B65: 62. | C65: Tournage | F65: =SUM(D65:E65) -> 0
B66: 63. à 67. | C66: Défraiements, déplacements après tournage, droits de douanes | F66: =SUM(D66:E66) -> 0
B67: 68. à 69. | C67: Frais de bureau, régie et divers | F67: =SUM(D67:E67) -> 0
A68: 7. Moyens techniques | D68: =SUM(D69:D78) -> 0 | E68: =SUM(E69:E78) -> 0 | F68: =SUM(D68:E68) -> 0 | G68: =SUM(G69:G78) -> 0 | H68: indiquer prestataire(s) :
B69: 71. | C69: Matériels prises de vues "cinéma" | F69: =SUM(D69:E69) -> 0
B70: 72. | C70: Matériels prises de vues "vidéo" | F70: =SUM(D70:E70) -> 0
B71: 73. | C71: Machineries | F71: =SUM(D71:E71) -> 0
B72: 74. | C72: Eclairage | F72: =SUM(D72:E72) -> 0
B73: 75. | C73: Son | F73: =SUM(D73:E73) -> 0
A74: 76. Montage et sonorisation | B74: 761 | C74: Montage | F74: =SUM(D74:E74) -> 0
B75: 762 | C75: Auditorium | F75: =SUM(D75:E75) -> 0
B76: 77. | C76: Postproduction vidéo | F76: =SUM(D76:E76) -> 0
B77: 78. | C77: Génériques et films annonces | F77: =SUM(D77:E77) -> 0
B78: 79. | C78: Autres prestations | F78: =SUM(D78:E78) -> 0
A79: 8. Pellicules - Laboratoires | D79: =SUM(D80:D87) -> 0 | E79: =SUM(E80:E87) -> 0 | F79: =SUM(D79:E79) -> 0 | G79: =SUM(G80:G87) -> 0
A80: 81. Pellicules | B80: 811 | C80: Pellicules négatives et inversibles | F80: =SUM(D80:E80) -> 0
B81: 812 | C81: Pellicules magnétiques son | F81: =SUM(D81:E81) -> 0
B82: 813 | C82: Pellicules magnétiques vidéo | F82: =SUM(D82:E82) -> 0
A83: 82. Laboratoires | B83: 821 | C83: Laboratoires de tournage | F83: =SUM(D83:E83) -> 0
B84: 822 | C84: Laboratoires pour finitions | F84: =SUM(D84:E84) -> 0
B85: 83. | C85: Laboratoire vidéo | F85: =SUM(D85:E85) -> 0
B86: 84. | C86: Sous-titrages | F86: =SUM(D86:E86) -> 0
B87: 85. | C87: Laboratoire photo | F87: =SUM(D87:E87) -> 0
A88: 9. Assurances et divers | D88: =SUM(D89:D92) -> 0 | E88: =SUM(E89:E92) -> 0 | F88: =SUM(D88:E88) -> 0 | G88: =SUM(G89:G92) -> 0
B89: 91. | C89: Assurances | F89: =SUM(D89:E89) -> 0
B90: 92. | C90: Publicité | F90: =SUM(D90:E90) -> 0
B91: 93. | C91: Frais d'actes et de contentieux | F91: =SUM(D91:E91) -> 0
B92: 94. | C92: Frais financiers | F92: =SUM(D92:E92) -> 0
A93: Total partiel | D93: =SUM(D5,D14,D32,D39,D45,D63,D68,D79,D88) -> 0 | E93: =SUM(E5,E14,E32,E39,E45,E63,E68,E79,E88) -> 0 | F93: =SUM(D93:E93) -> 0 | G93: =SUM(G5,G14,G32,G39,G45,G63,G68,G79,G88) -> 0
C94: Producteurs délégués | F94: =E94+D94 -> 0
C95: Frais généraux | F95: =E95+D95 -> 0
C96: Imprévus | F96: =E96+D96 -> 0
A97: Total hors TVA | D97: =SUM(D93:D96) -> 0 | E97: =SUM(E93:E96) -> 0 | F97: =D97+E97 -> 0 | G97: =SUM(G93:G96) -> 0

Sheet Plan de financement
A1: Plan de financement
A2: Titre du projet : | D2: Date :
A4: Préciser si les financements sont acquis ou une date estimée de réponse dans le cas où un financement a été demandé et est en cours d'instruction. En dehors des apports producteurs, le financement sera considéré comme non acquis s'il n'est pas accompagné d'un justificatif (notifications, deal_mémo, contrat, ...)
B6: Intitulé de l'aide ou du financeur | C6: Soutien à la production | D6: Acquis (A) ou date estimée pour une réponse | E6: Justificatif joint à la demande
A7: Producteur(s) délégué(s) | C7: =SUM(C8:C15) -> 0
A8: Numéraire
A9: Industrie
A10: Fonds de soutien LM producteur
A11: Fonds de Soutien Audiovisuel Automatique
A12: numéraire
A13: Frais généraux en participation
A14: Crédit d'impôt
A16: Autres coproducteurs | C16: =SUM(C17:C24) -> 0
A17: Numéraire
A18: Industrie
A19: Fonds de soutien LM producteur
A20: Fonds de Soutien Audiovisuel Automatique
A21: Rémunération du producteur en participation
A22: Frais généraux en participation
A23: Crédit d'impôt
A25: Coproduction télévision 1 | C25: =C26+C27 -> 0
A26: Numéraire
A27: Industrie
A28: dont part antenne
A29: dont part coproducteur
A30: Coproduction télévision 2 | C30: =C31+C32 -> 0
A31: Numéraire
A32: Industrie
A33: dont part antenne
A34: dont part coproducteur
A35: Coproduction télévision 3 | C35: =C36+C37 -> 0
A36: Numéraire
A37: Industrie
A38: dont part antenne
A39: dont part coproducteur
A40: Autres | C40: =SUM(C41:C50) -> 0
A41: Parrainages
A42: PROCIREP
A43: ADAMI
A44: SACD-Beaumarchais
A45: SACEM
A46: Financements participatifs
A47: Autre
A48: Autre
A49: Autre
A50: Autre
A51: Aides sélectives CNC et Europe | C51: =SUM(C52:C62) -> 0
A52: CNC Fonds de Soutien Audiovisuel Sélectif
A53: CNC Avances sur recettes
A54: CNC Aide aux coproductions étrangères
A55: CNC aide avant réalisation
A56: CNC CVS
A57: Autre aide sélective du CNC 1
A58: Autre aide sélective du CNC 2
A59: Eurimages (part française)
A60: Communauté Européenne (part française)
A61: Autre
A62: Autre
A63: Aides publiques locales | C63: =SUM(C64:C67) -> 0
B64: Région Provence Alpes Côte d'Azur
B65: Métropole Aix-Marseille-Provence
A66: Autre
A67: Autre
A68: SOFICA | C68: =SUM(C69:C72) -> 0
A73: Préventes et minima garantis | C73: =SUM(C74:C85) -> 0
A74: Télévisions
A78: Salle
A79: Vidéo
A80: Ventes Internationales
A81: SMAD
A82: Autre
A86: Part française | B86: =C86/C121 -> #DIV/0! | C86: =C7+C16+C25+C30+C35+C40+C51+C63+C68+C73 -> 0
A88: Pourcentage d'aide public | B88: =(C51+C63)/C86 -> #DIV/0!
A90: Producteurs étrangers
A91: Apport 1er coproducteur étranger
A92: Aide(s) nationale(s)
A93: Eurimages
A94: Communauté Européenne (part étrangère)
A95: Chaîne de TV
A96: Préventes et minima garantis
A97: Autre(s)
A99: Total 1er coproducteur (……………..%) | B99: =C99/C119 -> #DIV/0! | C99: =SUM(C91:C98) -> 0
A100: Apport 2ème coproducteur étranger
A101: Aide(s) nationale(s)
A102: Eurimages
A103: Communauté Européenne (part étrangère)
A104: Chaîne de TV
A105: Préventes et minima garantis
A106: Autre(s)
A108: Total 2ème coproducteur (……………..%) | B108: =C108/C119 -> #DIV/0! | C108: =SUM(C100:C107) -> 0
A109: Apport 3ème coproducteur étranger
A110: Aide(s) nationale(s)
A111: Eurimages
A112: Communauté Européenne (part étrangère)
A113: Chaîne de TV
A114: Préventes et minima garantis
A115: Autre(s)
A117: Total 3ème coproducteur (……………..%) | B117: =C117/C119 -> #DIV/0! | C117: =SUM(C109:C116) -> 0
A119: Total part étrangère | B119: =C119/C121 -> #DIV/0! | C119: =C99+C108+C117 -> 0
A121: Total général | C121: =C86+C119 -> 0

Sheet Infos résumées
C2: Soutien à la production
C3: Fiction Long-métrage, court-métrage et audiovisuel
A7: Catégorie | C7: ='Données du projet'!#REF! -> #REF!
A8: Type d'aide | C8: PROD
A9: Titre du projet | C9: ='Données du projet'!C9 -> 0
A10: Durée | C10: ='Données du projet'!C16 -> 0
A11: Auteur.e | C11: ='Données du projet'!C25 -> 0
A12: Réalisateur.rice | C12: ='Données du projet'!C37 -> 0
A13: Société de production | C13: ='Données du projet'!C48 -> 0
A14: Producteur.trice déposant la demande | C14: ='Données du projet'!C46 -> 0
A15: N° SIRET | C15: ='Données du projet'!C49 -> 0
A16: Code APE | C16: ='Données du projet'!C50 -> 0
A17: Adresse de la société de production | C17: ='Données du projet'!F52 -> 0
A18: Code postal siège de la société de production | C18: ='Données du projet'!F53 -> 0
A19: Nom et prénom du contact pour le projet | C19: ='Données du projet'!C58 -> 0
A20: Téléphone portable du contact | C20: ='Données du projet'!C60 -> 0
A21: E-mail du contact | C21: ='Données du projet'!C61 -> 0
A22: Synopsis court | C22: ='Données du projet'!C68:E68 -> 0
A23: Diffuseur audiovisuel France | C23: ='Données du projet'!C107 -> 0
A24: Distributeur France | C24: ='Données du projet'!C106 -> 0
A25: Montant de la subvention demandé à la Région Sud | C25: ='Données du projet'!C116 -> 0
A26: Coût total du projet au moment de la demande | C26: ='Données du projet'!C117 -> 0
A27: Total des dépenses en Région Sud | C27: ='Données du projet'!C119 -> 0
A28: Type(s) d'aide(s) antérieure(s) | C28: ='Données du projet'!#REF! -> #REF!
A29: Numéros demande(s) antérieure(s) | C29: ='Données du projet'!#REF! -> #REF!
